AoeStats
← [KOF] Ludemaro

Arena

510199154Analyzed
1v1 RM · 1d ago on Sep 29, 2026· 47m 13s· 2 players
Game mode
Random Map
Map size
Tiny (2 player)
Population
200
Speed
Normal
Resources
Standard
Victory
Conquest
Starting age
Dark Age
Ending age
Imperial Age
RankedLock teamsTeams togetherTeam positionsShared explorationLock speedFull tech treeHidden civsTurbo modeCheats
Victory
Defeat
🇧🇷 Teutons · Brazil
1196
+17
🇦🇷 Portuguese · Argentina
1216
-17
Mustafá ™
7:27 Loom
9:54 Feudal Age
15:41 Fletching
18:25 Double-Bit Axe
23:08 Castle Age
21:52 Scale Mail Armor
21:42 Horse Collar
22:14 Forging
22:08 Gold Mining
22:45 Arson
22:21 Man-at-Arms
24:49 Heavy Plow
25:02 Bow Saw
27:39 Wheelbarrow
28:44 Iron Casting
35:03 Hand Cart
38:05 Imperial Age
39:39 Chain Mail Armor
40:25 Blast Furnace
39:20 Bodkin Arrow
39:26 Padded Archer Armor
38:58 Capped Ram
40:21 Elite Teutonic Knight
41:53 Elite Teutonic Knight
45:11 Two-Man Saw
44:45 Crop Rotation
45:58 Plate Mail Armor
45:58 Squires
45:43 Gambesons
47:02 Ironclad
48:07 Chemistry
47:28 Ballistics
47:20 Fortified Wall
[KOF] Ludemaro
5:11 Loom
11:35 Feudal Age
12:47 Double-Bit Axe
14:43 Fletching
18:28 Wheelbarrow
21:48 Castle Age
19:53 Horse Collar
20:21 Gold Mining
22:49 Bow Saw
22:57 Bodkin Arrow
23:16 Town Watch
24:25 Heavy Plow
30:39 Imperial Age
28:05 Pikeman
30:52 Scale Mail Armor
31:11 Hand Cart
32:43 Chain Mail Armor
Connection lost

Rejoining the realm…

Still unreachable

The connection could not be restored.

Session expired

The server has moved on; the page needs a fresh start.